 Dungeon Crawl Stone Soup version 0.29.1-2-gbd0b4ee654 (webtiles) character file.

Game seed: 2399639065706825425

175 GorkyZ the Shield-Bearer (level 5, -5/42 HPs)
             Began as a Formicid Fighter on Nov 21, 2022.
             Killed by nerve-wracking pain
             ... invoked by Menkaure
              (7 damage)
             ... on level 4 of the Dungeon.
             The game lasted 00:09:53 (3234 turns).

GorkyZ the Shield-Bearer (Formicid Fighter)         Turns: 3234, Time: 00:09:54

Health: -5/42      AC:  8    Str: 23    XL:     5   Next: 86%
Magic:  5/5        EV: 10    Int:  7    God:
Gold:   98         SH:  5    Dex: 13    Spells: 4/4 levels left

rFire   . . .      SeeInvis +   a - +0 trident
rCold   . . .      Faith    .   c - +0 buckler
rNeg    . . .      Spirit   .   b - +0 scale mail
rPois   .          Reflect  .   (helmet unavailable)
rElec   .          Harm     .   n - +0 cloak
rCorr   .          Rampage  .   (no gloves)
Will    .....                   (no boots)
Stlth   ..........              (no amulet)
HPRegen 0.14/turn               (no ring)
MPRegen 0.09/turn               (no ring)

@: no status effects
A: permanent stasis, dig shafts and tunnels, antennae 3, four strong arms
a: Dig, Shaft Self


You were on level 4 of the Dungeon.
You visited 1 branch of the dungeon, and saw 4 of its levels.

You collected 98 gold pieces.

Inventory:

Hand Weapons
 a - a +0 trident (weapon)
Missiles
 y - 3 poisoned darts (quivered)
Armour
 b - a +0 scale mail (worn)
 c - a +0 buckler (worn)
 n - a +0 cloak (worn)
Scrolls
 e - a scroll of magic mapping {unknown}
 f - a scroll of amnesia {unknown}
 g - a scroll of blinking {unknown}
 i - 3 scrolls of fog {unknown}
 k - 4 scrolls of teleportation {unknown}
 o - a scroll of enchant armour {unknown}
 p - a scroll of poison {unknown}
 q - a scroll of identify {unknown}
 r - a scroll of torment {unknown}
 t - 2 scrolls of immolation {unknown}
 v - a scroll of enchant weapon {unknown}
 w - a scroll of vulnerability {unknown}
Potions
 d - a potion of might
 h - a potion of degeneration {unknown}
 j - a potion of lignification {unknown}
 l - a potion of flight {unknown}
 m - 2 potions of curing {unknown}
 s - a potion of magic {unknown}
 u - 2 potions of resistance {unknown}
 x - a potion of mutation {unknown}


   Skills:
 + Level 4.0 Fighting
 + Level 2.7 Polearms
 + Level 1.6 Throwing
 + Level 3.9 Armour
 + Level 1.3 Dodging
 + Level 4.7 Shields
 + Level 1.9 Evocations


You had 4 spell levels left.
You didn't know any spells.
Your spell library was empty.

Dungeon Overview and Level Annotations

Branches:
Dungeon (4/15)
 Temple: D:4-7

Altars:
Elyvilon
Fedhas
Hepliaklqana
Nemelex Xobeh
Okawaru
Qazlal
Ru
Sif Muna

Annotations:
D:4 Menkaure


Innate Abilities, Weirdness & Mutations

You cannot be hasted, slowed, berserked, paralysed or teleported.
You can dig through walls and to a lower floor.
You have a pair of large antennae on your head. (SInv)
Your four strong arms can wield two-handed weapons with a shield.


Message History

Press: ? - help, Q - select action, (/) - cycle Shift-Dir - straight line, f/p - Menkaure
Aim: Menkaure (heavily damaged, fast, 74% to hit)
You throw a poisoned dart. The poisoned dart hits Menkaure.
Menkaure is heavily damaged.
Menkaure gestures at you while chanting.
Pain shoots through your body!
* * * LOW HITPOINT WARNING * * *
Throw: 4 darts (poison)
Press: ? - help, Q - select action, (/) - cycle Shift-Dir - straight line, f/p - Menkaure
Aim: Menkaure (heavily damaged, fast, 74% to hit)
You throw a poisoned dart. The poisoned dart hits Menkaure.
Menkaure is heavily damaged.
Menkaure calls on the powers of darkness!
Your body is wracked with pain!
* * * LOW HITPOINT WARNING * * *
Menkaure attacks as you move away! Menkaure hits you but does no damage.
Menkaure attacks as you move away! Menkaure closely misses you.
Menkaure gestures at you while chanting.
You struggle to resist.
Menkaure hums a few words.
You hit Menkaure but do no damage.
Menkaure is heavily damaged.
Menkaure hits you but does no damage. Menkaure barely misses you.
You closely miss Menkaure.
Menkaure is heavily damaged.
Menkaure closely misses you.
You hit Menkaure but do no damage.
Menkaure is heavily damaged.
Menkaure barely misses you.
You closely miss Menkaure.
Menkaure is heavily damaged.
Menkaure hits you.
* * * LOW HITPOINT WARNING * * *
Menkaure hits you.
* * * LOW HITPOINT WARNING * * *
You hit Menkaure.
Menkaure is severely damaged.
Menkaure casts a spell at you. Pain shoots through your body!
You die...

.# #### .#
...#########.###.##
...................
.#.###.###(#.###...
.#.###.#.#M#.#
.....#.#...#..
##.#.#.#.#########
...#.#.........M@# #
.###.....#######.##.#
#..# .#
#..<..#.....)....# #..#
.#
#.....#.#####.######..#
.###.....#.#
#........#.)#
.'.#.....#.#
#.#.####.#..#
.#.#.....#.# #.#...
#..# .#.#.....#.#
#.########..#
.#.#)....#.#
#...........#


You could see Menkaure (fast).

Vanquished Creatures
  A hound (D:4)
  Natasha (D:4)
  5 adders
  A worm (D:3)
  An orc (D:3)
  6 endoplasms
  6 giant cockroaches
  8 goblins
  3 hobgoblins
  9 jackals
  4 quokkas
  3 ball pythons
  6 bats
  4 frilled lizards
  5 kobolds
  6 rats
69 creatures vanquished.

Notes
Turn   | Place    | Note
-------+----------+-------------------------------------------
     0 | D:1      | GorkyZ the Formicid Fighter began the quest for the Orb.
     0 | D:1      | Reached XP level 1. HP: 18/18 MP: 1/1
   293 | D:1      | Reached XP level 2. HP: 24/24 MP: 2/2
   585 | D:1      | Reached XP level 3. HP: 28/29 MP: 3/3
   933 | D:2      | Found a faded altar of an unknown god.
  1198 | D:2      | Reached skill level 1 in Evocations
  1649 | D:3      | Reached skill level 1 in Throwing
  1649 | D:3      | Reached XP level 4. HP: 25/35 MP: 4/4
  1884 | D:3      | Found an iron altar of Okawaru.
  1885 | D:3      | Found a sparkling altar of Nemelex Xobeh.
  1893 | D:3      | Found a shimmering blue altar of Sif Muna.
  1894 | D:3      | Found a hazy altar of Hepliaklqana.
  1894 | D:3      | Found a white marble altar of Elyvilon.
  1894 | D:3      | Found a blossoming altar of Fedhas.
  1899 | D:3      | Found a sacrificial altar of Ru.
  1974 | D:3      | Reached skill level 1 in Dodging
  2349 | D:3      | Found a stormy altar of Qazlal.
  2879 | D:4      | Reached XP level 5. HP: 42/42 MP: 5/5
  3123 | D:4      | Noticed Natasha
  3132 | D:4      | Killed Natasha
  3209 | D:4      | Noticed Menkaure
  3233 | D:4      | HP: 2/42 [Menkaure (2)]
  3234 | D:4      | Killed from afar by Menkaure

Illustrated notes

Levels and vault maps discovered:
D:1:      minmay_arrival_widening_spiral_wide, layout_basic
D:2:      wander_river, layout_loops_ring, ebering_ecumenical_altar_box
D:3:      layout_loops_cross, minitemple, nicolae_qazlal_general_emergency
D:4:      layout_basic, uniq_menkaure, uniq_natasha, uniq_crazy_yiuf_cottage

Skill      XL: |  1  2  3  4  5 |
---------------+----------------+-----
Evocations     | 1 |  1.9
Throwing       | 1 |  1.6
Dodging        | 1 |  1.3
Fighting       | 4 |  4.0
Polearms       | |  2.7
Armour         | |  3.9
Shields        | |  4.7

Action                   |  1- 3 |  4- 6 || total
-------------------------+-------+-------++-------
Melee: Trident           |   136 |   151 ||   287
Throw: Dart              |       |     3 ||     3
Armor: Scale mail        |    45 |    61 ||   106
Dodge: Dodged            |    53 |    88 ||   141
Block: Buckler           |    31 |    39 ||    70
